 Dungeon Crawl Stone Soup version 0.25.1-2-g60ff931df9 (webtiles) character file.

Game seed: 8093474746724672614

182 raphialitos the Gusty (level 5, -2/38 HPs)
             Began as a Demigod Air Elementalist on Nov 9, 2020.
             Killed from afar by Natasha (7 damage)
             ... with a magic dart
             ... on level 3 of the Dungeon on Nov 10, 2020.
             The game lasted 00:07:50 (2439 turns).

raphialitos the Gusty (Demigod Air Elementalist)    Turns: 2439, Time: 00:07:51

Health: -2/38      AC:  4    Str: 11    XL:     5   Next: 12%
Magic:  2/11       EV: 13    Int: 21    God:
Gold:   183        SH:  0    Dex: 22    Spells: 3/9 levels left

rFire    . . .     SeeInvis .   r - +2 dagger (venom)
rCold    . . .     Gourm    .   (no shield)
rNeg     . . .     Faith    .   a - +1 robe
rPois    .         Spirit   .   (no helmet)
rElec    .         Reflect  .   (no cloak)
rCorr    +         Harm     .   o - +0 pair of gloves
MR       .....                  (no boots)
Stlth    +++.......             (no amulet)
HPRegen  0.12/turn              n - ring of resist corrosion
MPRegen  0.12/turn              q - +6 ring of dexterity

@: no status effects
A: high mp 1
a: no special abilities


You were on level 3 of the Dungeon.
You were not hungry.

You visited 1 branch of the dungeon, and saw 3 of its levels.

You collected 183 gold pieces.

Inventory:

Hand Weapons
 r - a +2 dagger of venom (weapon)
Missiles
 j - 6 javelins (quivered)
 k - 33 arrows
Armour
 a - a +1 robe (worn)
 o - a +0 pair of gloves (worn)
Jewellery
 i - an uncursed ring of positive energy
 m - an uncursed ring of fire
 n - a ring of resist corrosion (left hand)
 q - a +6 ring of dexterity (right hand)
Scrolls
 b - 2 scrolls of amnesia {unknown}
 d - 2 scrolls of enchant weapon {unknown}
 g - 3 scrolls of remove curse {unknown}
 t - a scroll of blinking {unknown}
 v - a scroll of teleportation {unknown}
Potions
 e - a potion of stabbing
 f - 2 potions of haste
 h - a potion of heal wounds {unknown}
 l - a potion of flight {unknown}
 p - 2 potions of curing {unknown}
 u - a potion of lignification {unknown}
Comestibles
 c - 8 rations
 s - 6 chunks of flesh


   Skills:
 + Level 0.2 Fighting
 + Level 0.5 Short Blades
 + Level 2.1 Dodging
 + Level 2.6 Stealth
 + Level 2.5 Spellcasting
 + Level 1.8 Conjurations
 + Level 4.1 Air Magic


You had 3 spell levels left.
You knew the following spells:

 Your Spells              Type           Power        Failure   Level  Hunger
a - Shock                 Conj/Air       ###.         4%          1    None
b - Swiftness             Chrm/Air       ##......     9%          2    ##.....
c - Static Discharge      Conj/Air       ###.....     12%         3    ###....

Your spell library contained the following spells:

 Spells                   Type           Power        Failure   Level  Hunger
 Airstrike                Air            ###.......   26%         4    ####...
 Lightning Bolt           Conj/Air       ###.......   75%         5    ######.


Dungeon Overview and Level Annotations

Branches:
Dungeon (3/15)

Annotations:
D:3 Natasha


Innate Abilities, Weirdness & Mutations

You have an increased reservoir of magic. (+10% MP)


Message History

Natasha is nearby!
Natasha is nearby!
Natasha is nearby!
Natasha is nearby!
Casting: Static Discharge (dangerous; 12% risk of failure)
Confirm with . or Enter, or press ? or * to list all spells.
Aiming: Shock (safe; 4% risk of failure)
Press: ? - help, Shift-Dir - straight line, f - Natasha
Aim: Natasha (wandering, hasn't noticed you)
The zap hits Natasha.
Natasha is lightly wounded.
Natasha hisses angrily.
Natasha casts a spell at you. The magic dart hits you!
* * * LOW HITPOINT WARNING * * *
Okay, then.
Okay, then.
Natasha casts a spell at you. The magic dart hits you!
You die...

#..#
#.#..####...#.#
...#
#.#.........#.#
...#
#.##....##....#
...#
#.###.#.###...#
######...._..#
#...#
....#....#.###
#...##
###...####.#
#....# #####
#.#####....#
#......@...#
#########.†.##
...h.$...h†.>#
##########...#
##.# .# #


You could see Natasha.

Vanquished Creatures
  An orc wizard (D:3)
  Jessica (D:3)
  Natasha (D:3)
  3 adders
  An ooze (D:3)
  An adder skeleton (D:3)
  2 worms (D:3)
  2 dart slugs
  A leopard gecko (D:2)
  6 orcs (D:3)
  6 bats
  9 goblins
  7 hobgoblins
  2 kobolds
  11 rats
54 creatures vanquished.

Notes
Turn   | Place    | Note
-------+----------+-------------------------------------------
     0 | D:1      | raphialitos the Demigod Air Elementalist began the quest
                  | for the Orb.
     0 | D:1      | Reached XP level 1. HP: 14/14 MP: 5/5
   116 | D:1      | Reached skill level 3 in Air Magic
   178 | D:1      | Reached XP level 2. HP: 20/20 MP: 0/7
   483 | D:1      | Reached skill level 1 in Conjurations
   968 | D:1      | Learned a level 2 spell: Swiftness
   997 | D:2      | Reached XP level 3. HP: 26/26 MP: 3/8
  1099 | D:2      | Learned a level 3 spell: Static Discharge
  2029 | D:3      | Reached XP level 4. HP: 23/33 MP: 1/10
  2221 | D:3      | Noticed Jessica
  2237 | D:3      | Killed Jessica
  2397 | D:3      | Found a glowing golden altar of the Shining One.
  2411 | D:3      | Noticed Natasha
  2418 | D:3      | Killed Natasha
  2418 | D:3      | Reached skill level 4 in Air Magic
  2418 | D:3      | Reached XP level 5. HP: 18/38 MP: 7/11
  2430 | D:3      | Noticed Natasha
  2439 | D:3      | Killed from afar by Natasha

Illustrated notes

Levels and vault maps discovered:
D:1:      ebering_hopf_link, layout_loops_cross, serial_forest,
          infiniplex_forest_straight_2, infiniplex_forest_straight_2,
          infiniplex_forest_lined_room_, infiniplex_forest_clump_small,
          infiniplex_forest_straight_3, infiniplex_forest_clump_large
D:2:      layout_basic, first_ration, chequers_decorated_corner
D:3:      minmay_recursive_quarters, layout_basic,
          nicolae_overflow_crystal_walls, lemuel_crystal_altar, uniq_jessica,
          uniq_natasha

Skill      XL: |  1  2  3  4 |
---------------+-------------+-----
Stealth        | 2 |  2.6
Air Magic      | 3 4 |  4.1
Dodging        | 2 |  2.1
Conjurations   | 1 |  1.8
Spellcasting   | 2 |  2.5
Fighting       | |  0.2
Short Blades   | |  0.5

Action                   |  1- 3 |  4- 6 || total
-------------------------+-------+-------++-------
Melee: Dagger            |    41 |    15 ||    56
Throw: Javelin           |       |     1 ||     1
 Cast: Shock             |    59 |     9 ||    68
       Static Discharge  |     3 |     4 ||     7
  Use: Scroll            |     4 |       ||     4
 Stab: Sleeping          |     2 |     1 ||     3
  Eat: Chunk             |     4 |     2 ||     6
Armor: Robe              |    11 |     7 ||    18
Dodge: Dodged            |    41 |     6 ||    47
